AoeStats
← Ragnar.Guerrero

Arena

509797763Analyzed
2v2 RM · 2d ago on Sep 28, 2026· 27m 37s· 4 players
Game mode
Random Map
Map size
Medium (4 player)
Population
200
Speed
Normal
Resources
Standard
Victory
Conquest
Starting age
Dark Age
Ending age
Imperial Age
RankedLock teamsTeams togetherTeam positionsShared explorationLock speedFull tech treeHidden civsTurbo modeCheats
Victory
Defeat
🇦🇷 Cumans · Argentina
1178
+13
🇦🇷 Japanese · Argentina
1061
+17
🇦🇷 Wei · Argentina
1131
-16
🇦🇷 Varangians · Argentina
1066
-14
La Señora Nesbitt [7.22]
10:56 Feudal Age
14:44 Castle Age
13:19 Double-Bit Axe
13:44 Loom
13:42 Horse Collar
14:14 Gold Mining
20:01 Bow Saw
20:07 Heavy Plow
20:54 Fletching
23:07 Thumb Ring
23:05 Stone Mining
23:07 Town Watch
24:06 Wheelbarrow
24:32 Bodkin Arrow
24:39 Padded Archer Armor
24:46 Scale Barding Armor
28:03 Chain Barding Armor
27:53 Forging
Naumchuk95
7:42 Loom
10:49 Feudal Age
17:41 Castle Age
15:56 Double-Bit Axe
15:54 Horse Collar
18:10 Bloodlines
18:54 Husbandry
19:13 Bow Saw
20:41 Wheelbarrow
20:23 Heavy Plow
22:08 Town Watch
23:18 Forging
23:14 Scale Barding Armor
Ragnar.Guerrero
6:42 Loom
9:00 Feudal Age
10:53 Wheelbarrow
10:41 Double-Bit Axe
11:23 Horse Collar
17:21 Town Watch
20:50 Castle Age
21:02 Capped Ram
22:18 Hand Cart
22:32 Bloodlines
22:31 Scale Barding Armor
22:38 Forging
23:00 Bow Saw
24:07 Chain Barding Armor
25:20 Heavy Plow
MESSIAS
12:02 Feudal Age
15:37 Castle Age
13:29 Double-Bit Axe
13:28 Horse Collar
23:46 Loom
25:15 Scale Mail Armor
25:26 Forging
25:32 Bow Saw
Connection lost

Rejoining the realm…

Still unreachable

The connection could not be restored.

Session expired

The server has moved on; the page needs a fresh start.